 Dungeon Crawl Stone Soup version 0.29-a0-451-gfbfa42419e (webtiles) character file.

Game seed: 15623580023351854992

444 croobank the Digger (level 7, -8/40 HPs)
             Began as a Gargoyle Earth Elementalist on May 20, 2022.
             Was a Follower of Sif Muna.
             Mangled by Edmund
             ... wielding a +2 dire flail of draining
              (12 damage)
             ... on level 4 of the Dungeon.
             The game lasted 00:17:14 (4049 turns).

croobank the Digger (Gargoyle Earth Elementalist)   Turns: 4049, Time: 00:17:15

Health: -8/40      AC:  8    Str: 12    XL:     7   Next: 3%
Magic:  1/11       EV: 12    Int: 23    God:    Sif Muna [*.....]
Gold:   197        SH:  0    Dex: 10    Spells: 2/12 levels left

rFire   . . .      SeeInvis .   h - +0 quarterstaff (vorpal)
rCold   . . .      Faith    .   (shield currently unavailable)
rNeg    + . .      Spirit   .   b - +0 robe
rPois   ∞          Reflect  .   (no helmet)
rElec   +          Harm     .   H - +0 cloak
rCorr   +          Rampage  .   (no gloves)
Will    .....                   l - +0 pair of boots
Stlth   ++........              (no amulet)
HPRegen 0.13/turn               g - ring of resist corrosion
MPRegen 0.12/turn               p - +6 ring of intelligence

@: mighty
A: sickness immunity, AC +4, negative energy resistance 1, electricity
resistance, torment resistance 1, petrification resistance
a: Renounce Religion, Channel Magic


You were on level 4 of the Dungeon.
You worshipped Sif Muna.
Sif Muna was aware of your devotion.
You visited 1 branch of the dungeon, and saw 5 of its levels.

You collected 197 gold pieces.

Inventory:

Hand Weapons
 h - a +0 vorpal quarterstaff (weapon)
 r - a +1 dagger of freezing
 y - a +0 long sword
 C - a +0 vorpal hand axe
Missiles
 a - 71 stones (quivered)
 G - 8 poisoned darts
Armour
 b - a +0 robe (worn)
 j - a +2 ring mail of cold resistance
 k - a +0 tower shield
 l - a +0 pair of boots (worn)
 H - a +0 cloak (worn)
Magical Staves
 s - a staff of air
Jewellery
 g - a ring of resist corrosion (left hand)
 m - a ring of positive energy
 p - a +6 ring of intelligence (right hand)
Scrolls
 f - 2 scrolls of fog
 o - 3 scrolls of identify
 q - a scroll of poison
 v - 2 scrolls of teleportation {unknown}
 w - a scroll of magic mapping {unknown}
 D - a scroll of silence {unknown}
 F - a scroll of vulnerability {unknown}
Potions
 c - 2 potions of magic
 n - 2 potions of degeneration
 t - a potion of might
 u - 2 potions of curing {unknown}
 x - a potion of brilliance {unknown}
 z - 2 potions of invisibility
 A - 2 potions of ambrosia {unknown}
 B - a potion of mutation {unknown}
 E - a potion of lignification {unknown}


   Skills:
 + Level 2.6 Fighting
 + Level 2.9 Dodging
 + Level 3.9 Stealth
 + Level 3.2 Spellcasting
 + Level 2.3 Transmutations
 + Level 5.0 Earth Magic


You had 2 spell levels left.
You knew the following spells:

 Your Spells              Type           Power      Damage    Failure   Level
a - Sandblast             Erth           52%        2d12      1%          1
b - Passwall              Tmut/Erth      16%        N/A       3%          2
c - Stone Arrow           Conj/Erth      30%        3d8       12%         3
d - Petrify               Tmut/Erth      20%        N/A       26%         4

Your spell library contained the following spells:

 Spells                   Type           Power      Damage    Failure   Level
 Leda's Liquefaction      Hex/Erth       7%         N/A       38%         4
 Lee's Rapid Deconstruct  Erth           13%        3d10*     38%         5
 Statue Form              Tmut/Erth      Unusable   N/A       N/A         6

Dungeon Overview and Level Annotations

Branches:
Dungeon (5/15)
 Temple: D:4-7

Altars:
Sif Muna
Vehumet

Shops:
D:3 (

Annotations:
D:4 Edmund


Innate Abilities, Weirdness & Mutations

You are immune to sickness and miasma.
Your stone body is resilient. (AC +4)
You are immune to poison.
You resist negative energy. (rN+)
You are resistant to electric shocks. (rElec)
You are resistant to unholy torment.
You are immune to petrification.


Message History

Press: ? - help, Shift-Dir - straight line, f/p - Edmund
Aim: Edmund, wielding a +2 dire flail of draining and wearing a +0 chain mail (moderately wounded, entangled in a net, 100% to hit)
The blast of sand hits Edmund but does no damage.
Edmund is moderately wounded.
a - 71 stones Edmund struggles against the net.
You barely miss Edmund.
Edmund is moderately wounded.
Edmund says, "People will remember me!
They'll remember me and die!"
Edmund struggles against the net. x2
You hit Edmund but do no damage.
Edmund is moderately wounded.
Edmund struggles against the net.
The net rips apart, and Edmund comes free!
You hit Edmund but do no damage.
Edmund is moderately wounded.
Edmund hits you with a +2 dire flail of draining!
You hit Edmund but do no damage.
Edmund is moderately wounded.
Edmund hits you with a +2 dire flail of draining!
Edmund hits you but does no damage.
Your magical contamination has completely faded away.
You closely miss Edmund.
Edmund is moderately wounded.
Edmund hits you with a +2 dire flail of draining.
You aren't carrying any items that you can evoke.
Unknown command.
Edmund attacks as you move away! Edmund barely misses you.
Okay, then.
You feel very mighty all of a sudden. Edmund barely misses you.
Edmund barely misses you.
You barely miss Edmund.
Edmund is lightly wounded.
Edmund hits you with a +2 dire flail of draining!
* * * LOW HITPOINT WARNING * * *
You thump Edmund!
Edmund is heavily wounded.
Edmund hits you with a +2 dire flail of draining!
You die...

#..## ##...# ######....#
##.##.....## #........##
##......## #.......##
#########
##.......###.......#####
##.....@.##........#..).
#......@)............)..
##........[....#..##.....
##.............##.........
#.......<................#
###..........>..........>.
##......................
####...................
##.......#............


You could see Edmund.

Vanquished Creatures
  A black bear (D:4)
  A phantom (D:2)
  2 scorpions (D:4)
  An iguana (D:5)
  3 adders
  An ufetubus (D:4)
  4 worms
  2 dart slugs
  9 orcs
  5 ball pythons
  10 endoplasms
  A giant cockroach (D:2)
  7 hobgoblins
  5 kobolds
  5 quokkas
  13 bats
  2 frilled lizards (D:2)
  9 goblins
  A rat (D:1)
82 creatures vanquished.

Vanquished Creatures (others)
  A plant (D:1)
1 creature vanquished.

Grand Total: 83 creatures vanquished

Notes
Turn   | Place    | Note
-------+----------+-------------------------------------------
     0 | D:1      | croobank the Gargoyle Earth Elementalist began the quest
                  | for the Orb.
     0 | D:1      | Reached XP level 1. HP: 10/10 MP: 3/3
   463 | D:1      | Reached XP level 2. HP: 16/16 MP: 3/5
   488 | D:1      | Learned a level 2 spell: Passwall
   533 | D:1      | Reached skill level 1 in Transmutations
   820 | D:1      | Found a faded altar of an unknown god.
   829 | D:1      | Reached XP level 3. HP: 20/20 MP: 4/6
  1099 | D:2      | Reached skill level 1 in Fighting
  1109 | D:2      | Reached skill level 4 in Earth Magic
  1113 | D:2      | Identified a scroll of acquirement
  1113 | D:2      | Acquired a book of the Earth
  1236 | D:2      | Reached XP level 4. HP: 4/25 MP: 3/7
  1251 | D:2      | Noticed a phantom
  1263 | D:2      | Killed a phantom
  1264 | D:2      | Reached XP level 5. HP: 6/29 MP: 1/8
  1547 | D:2      | Learned a level 3 spell: Stone Arrow
  1598 | D:2      | Found a shimmering blue altar of Sif Muna.
  1607 | D:2      | Became a worshipper of Sif Muna the Loreminder
  2135 | D:3      | Found Imaec's Antique Weapon Emporium.
  2674 | D:4      | Reached XP level 6. HP: 35/35 MP: 10/10
  2717 | D:4      | Noticed Edmund
  2764 | D:4      | Reached * piety under Sif Muna
  3037 | D:4      | Noticed a black bear
  3042 | D:4      | Killed a black bear
  3231 | D:5      | Entered Level 5 of the Dungeon
  3231 | D:5      | Found a radiant altar of Vehumet.
  3236 | D:5      | Reached skill level 5 in Earth Magic
  3236 | D:5      | Reached XP level 7. HP: 8/40 MP: 6/11
  3873 | D:3      | Learned a level 4 spell: Petrify
  4049 | D:4      | Mangled by Edmund

Illustrated notes

Levels and vault maps discovered:
D:1:      nzn_arrival_crosshair, layout_basic,
          shapermc_ecumenical_altar_mp_ritualfount, hex_tiny,
          minmay_misc_feat_cross
D:2:      layout_rooms, basic_altar, kennysheep_generic_room_11
D:3:      cheibrodos_old_hovel, layout_basic, serial_shops, shop
D:4:      layout_cave_pools, uniq_edmund
D:5:      layout_loops_ring, fiery_altar_vehumet

Skill      XL: |  1  2  3  4  5  6 |
---------------+-------------------+-----
Transmutations | 1 2 |  2.3
Fighting       | 1 2 |  2.6
Earth Magic    | 4 5 |  5.0
Dodging        | 2 |  2.9
Stealth        | 3 |  3.9
Spellcasting   | 3 |  3.2

Action                   |  1- 3 |  4- 6 |  7- 9 || total
-------------------------+-------+-------+-------++-------
Melee: Unarmed           |     5 |       |       ||     5
       Quarterstaff      |    14 |    51 |    36 ||   101
       Dagger            |       |     5 |       ||     5
Throw: Throwing net      |       |       |     1 ||     1
 Cast: Sandblast         |    42 |    40 |     1 ||    83
       Stone Arrow       |       |     5 |     2 ||     7
       Passwall          |       |     1 |       ||     1
       Petrify           |       |       |     2 ||     2
  Use: Scroll            |     4 |     4 |     1 ||     9
       Potion            |       |     1 |     2 ||     3
 Stab: Sleeping          |       |     2 |       ||     2
       Petrified         |       |       |     8 ||     8
Armor: Robe              |     8 |    27 |    10 ||    45
Dodge: Dodged            |    18 |    56 |    21 ||    95

Table legend: (Time is in decaauts)
 A = Elapsed time spent in this place.
 B = Non-inter-level travel time spent in this place.
 C = Inter-level travel time spent in this place.
 D = Time resting spent in this place.
 E = Time spent auto-exploring this place.
 F = Levels seen in this place.
 G = Mean time per level.
                   A        B        C        D        E       F      G
               +--------+--------+--------+--------+--------+-----+--------+
         Total |   4077 |   3995 |     82 |    981 |   2091 |   5 |  815.4 |
       Dungeon |   4077 |   3995 |     82 |    981 |   2091 |   5 |  815.4 |
               +--------+--------+--------+--------+--------+-----+--------+

Top non-repeatable levels by time:
     D:3: 1113 daAuts
     D:1: 1089 daAuts
     D:2: 846 daAuts
     D:4: 773 daAuts
     D:5: 253 daAuts
